TOP OF THE 1ST |
Eugene Emeralds batting - Pitching for San Jose Missions : RHP Larry Aubel
|
Pitching: RHP Larry Aubel
|
|
Batting: LHB James Peters
|
0-0: Called Strike 0-1: Swinging Strike 0-2: Strikes out swinging
|
Batting: LHB Ty Gainey
|
0-0: Ball 1-0: Ball 2-0: Ball 3-0: Base on Balls
|
Batting: RHB Tim Wallach
|
0-0: Called Strike 0-1: Swinging Strike 0-2: Foul Ball, location: 2F 0-2: Fly out, F9 (Flyball, 9D, EV 89.4 MPH)
|
Batting: LHB Randy Bush
|
0-0: Called Strike 0-1: Ball 1-1: Ball 2-1: Ball Ty Gainey steals 2nd base (no throw) 3-1: Base on Balls
|
Batting: RHB Derrell Baker
|
0-0: Ball 1-0: Ball 2-0: Swinging Strike 2-1: Called Strike 2-2: Foul Ball, location: 2F 2-2: Fly out, F7 (Line Drive, 7D, EV 100.6 MPH)
|
Top of the 1st over - 0 runs, 0 hits, 0 errors, 2 left on base; Eugene 0 - San Jose 0 |
BOTTOM OF THE 1ST |
San Jose Missions batting - Pitching for Eugene Emeralds : RHP Jim Kern
|
Pitching: RHP Jim Kern
|
|
Batting: SHB Curt Bryan
|
0-0: Swinging Strike 0-1: Ball 1-1: Foul Ball, location: 2F 1-2: Ground out 4-3 (Groundball, 4S, EV 91.3 MPH)
|
Batting: LHB Glen Franklin
|
0-0: Called Strike 0-1: Ball 1-1: Ball 2-1: Ground out 3-1 (Groundball, 34, EV 100.0 MPH)
|
Batting: LHB Marvell Wynne
|
0-0: Called Strike 0-1: Ball 1-1: Foul Ball, location: 2F 1-2: Ball 2-2: Ball 3-2: Fly out, F7 (Flyball, 78S, EV 83.1 MPH)
|
Bottom of the 1st over - 0 runs, 0 hits, 0 errors, 0 left on base; Eugene 0 - San Jose 0 |
TOP OF THE 2ND |
Eugene Emeralds batting - Pitching for San Jose Missions : RHP Larry Aubel
|
Batting: LHB Alfredo Edmead
|
0-0: Called Strike 0-1: SINGLE (Groundball, 4MS, EV 75.0 MPH) (infield hit)
|
Batting: LHB Clay Hill
|
0-0: Ball 1-0: SINGLE (Line Drive, 56D, EV 102.5 MPH) Alfredo Edmead to second
|
Batting: LHB Terry Lee
|
0-0: Called Strike 0-1: Ball 1-1: Ball Alfredo Edmead steals 3rd base 2-1: Called Strike 2-2: Fly out, F8 (Flyball, 89XD, EV 98.8 MPH) Runner from 3rd tags up, SCORES, no throw by CF
|
Batting: LHB Richard Rickman
|
0-0: Foul Ball, location: 2F 0-1: Foul Ball, location: 2F 0-2: Strikes out looking
|
Batting: LHB James Peters
|
Pickoff Throw to First - Out! 1-3
|
Top of the 2nd over - 1 run, 2 hits, 0 errors, 0 left on base; Eugene 1 - San Jose 0 |
BOTTOM OF THE 2ND |
San Jose Missions batting - Pitching for Eugene Emeralds : RHP Jim Kern
|
Batting: RHB John Rabb
|
0-0: Ball 1-0: Fly out, F5 (Popup, 56S, EV 83.1 MPH)
|
Batting: SHB David Piller
|
0-0: Fly out, F9 (Flyball, 9, EV 90.6 MPH)
|
Batting: RHB Paul Runge
|
0-0: Ball 1-0: Fly out, F9 (Flyball, 89M, EV 93.1 MPH)
|
Bottom of the 2nd over - 0 runs, 0 hits, 0 errors, 0 left on base; Eugene 1 - San Jose 0 |
TOP OF THE 3RD |
Eugene Emeralds batting - Pitching for San Jose Missions : RHP Larry Aubel
|
Batting: LHB James Peters
|
0-0: Ball 1-0: Called Strike 1-1: Ball 2-1: Foul Ball, location: 2F 2-2: SINGLE (Line Drive, 56D, EV 97.5 MPH)
|
Batting: LHB Ty Gainey
|
0-0: Ball 1-0: Called Strike 1-1: Ball 2-1: Foul Ball, location: 2F 2-2: Strikes out swinging
|
Batting: RHB Tim Wallach
|
0-0: Called Strike 0-1: Ball 1-1: Grounds into double play, 6-4-3 (Groundball, 6, EV 94.4 MPH)
|
Top of the 3rd over - 0 runs, 1 hit, 0 errors, 0 left on base; Eugene 1 - San Jose 0 |
BOTTOM OF THE 3RD |
San Jose Missions batting - Pitching for Eugene Emeralds : RHP Jim Kern
|
Batting: LHB Steven Michael
|
0-0: Ball 1-0: Called Strike 1-1: Ball 2-1: SINGLE (Groundball, 34D, EV 105.6 MPH)
|
Batting: RHB Pablo Cardiel
|
0-0: Ball 1-0: Ball 2-0: Called Strike 2-1: Swinging Strike 2-2: Reached on error, E5 (Groundball, 56, EV 87.5 MPH) Steven Michael to second
|
Batting: LHB Jesus Valerio
|
0-0: Called Strike 0-1: Ball 1-1: Called Strike 1-2: Foul Ball, location: 2F 1-2: Grounds into double play, 5-4-3 (Groundball, 56S, EV 85.6 MPH) Steven Michael to third
|
Batting: SHB Curt Bryan
|
0-0: Called Strike 0-1: Foul Ball, location: 2F 0-2: SINGLE (Flyball, 4D, EV 85.0 MPH) Steven Michael scores
|
Batting: LHB Glen Franklin
|
0-0: Ball Curt Bryan steals 2nd base 1-0: Foul Ball, location: 2F 1-1: Ground out 4-3 (Groundball, 4, EV 101.3 MPH)
|
Bottom of the 3rd over - 1 run, 2 hits, 1 error, 1 left on base; Eugene 1 - San Jose 1 |
TOP OF THE 4TH |
Eugene Emeralds batting - Pitching for San Jose Missions : RHP Larry Aubel
|
Batting: LHB Randy Bush
|
0-0: Ball 1-0: DOUBLE (Line Drive, 3D, EV 103.8 MPH)
|
Batting: RHB Derrell Baker
|
0-0: Ground out 5-3 (Groundball, 56, EV 106.9 MPH)
|
Batting: LHB Alfredo Edmead
|
0-0: Foul Ball, location: 2F 0-1: Ball 1-1: Ball 2-1: Called Strike 2-2: Fly out, F8 (Flyball, 8LM, EV 77.5 MPH)
|
Batting: LHB Clay Hill
|
0-0: Intentional Walk
|
Batting: LHB Terry Lee
|
0-0: Foul Ball, location: 2F 0-1: Ball 1-1: Foul Ball, location: 2F 1-2: Strikes out looking
|
Top of the 4th over - 0 runs, 1 hit, 0 errors, 2 left on base; Eugene 1 - San Jose 1 |
BOTTOM OF THE 4TH |
San Jose Missions batting - Pitching for Eugene Emeralds : RHP Jim Kern
|
Batting: LHB Marvell Wynne
|
0-0: Ball 1-0: Swinging Strike 1-1: Fly out, F3 (Popup, 3SF, EV 69.4 MPH)
|
Batting: RHB John Rabb
|
0-0: Fly out, F7 (Flyball, 7D, EV 83.1 MPH)
|
Batting: SHB David Piller
|
0-0: Called Strike 0-1: Ground out 6-3 (Groundball, 6MD, EV 80.6 MPH)
|
Bottom of the 4th over - 0 runs, 0 hits, 0 errors, 0 left on base; Eugene 1 - San Jose 1 |
TOP OF THE 5TH |
Eugene Emeralds batting - Pitching for San Jose Missions : RHP Larry Aubel
|
Batting: LHB Richard Rickman
|
0-0: Fly out, F9 (Flyball, 89M, EV 82.5 MPH)
|
Batting: LHB James Peters
|
0-0: Ball 1-0: Ball 2-0: Called Strike 2-1: Foul Ball, location: 2F 2-2: Foul Ball, location: 2F 2-2: Foul Ball, location: 2F 2-2: Ball 3-2: Ground out 6-3 (Groundball, 6S, EV 67.5 MPH)
|
Batting: LHB Ty Gainey
|
0-0: Called Strike 0-1: Ball 1-1: Ball 2-1: SINGLE (Groundball, 4MD, EV 103.1 MPH)
|
Batting: RHB Tim Wallach
|
0-0: Ball 1-0: Fielders Choice at 2nd, 5-4 (Groundball, 5L, EV 101.9 MPH)
|
Top of the 5th over - 0 runs, 1 hit, 0 errors, 1 left on base; Eugene 1 - San Jose 1 |
BOTTOM OF THE 5TH |
San Jose Missions batting - Pitching for Eugene Emeralds : RHP Jim Kern
|
Batting: RHB Paul Runge
|
0-0: Called Strike 0-1: Called Strike 0-2: Foul Ball, location: 2F 0-2: Ball 1-2: Strikes out swinging
|
Batting: LHB Steven Michael
|
0-0: Ball 1-0: Ball 2-0: Foul Ball, location: 2F 2-1: Ground out 5-3 (Groundball, 25, EV 82.5 MPH)
|
Batting: RHB Pablo Cardiel
|
0-0: Fly out, F8 (Line Drive, 8RM, EV 91.3 MPH)
|
Bottom of the 5th over - 0 runs, 0 hits, 0 errors, 0 left on base; Eugene 1 - San Jose 1 |
TOP OF THE 6TH |
Eugene Emeralds batting - Pitching for San Jose Missions : RHP Larry Aubel
|
Batting: LHB Randy Bush
|
0-0: Ball 1-0: Swinging Strike 1-1: Ground out 6-3 (Groundball, 6, EV 81.3 MPH)
|
Batting: RHB Derrell Baker
|
0-0: Called Strike 0-1: Ball 1-1: Foul Ball, location: 2F 1-2: Ball 2-2: SINGLE (Groundball, 6MD, EV 103.8 MPH)
|
Batting: LHB Alfredo Edmead
|
0-0: Called Strike 0-1: Foul Ball, location: 2F 0-2: Strikes out swinging
|
Batting: LHB Clay Hill
|
0-0: Ball 1-0: Ball 2-0: Called Strike 2-1: Ball 3-1: Fly out, F6 (Flyball, 56D, EV 88.1 MPH)
|
Top of the 6th over - 0 runs, 1 hit, 0 errors, 1 left on base; Eugene 1 - San Jose 1 |
BOTTOM OF THE 6TH |
San Jose Missions batting - Pitching for Eugene Emeralds : RHP Jim Kern
|
Batting: LHB Jesus Valerio
|
0-0: Ball 1-0: Called Strike 1-1: Called Strike 1-2: Ball 2-2: Ball 3-2: Ground out 4-3 (Groundball, 4, EV 86.3 MPH)
|
Batting: SHB Curt Bryan
|
0-0: Called Strike 0-1: Foul Ball, location: 2F 0-2: Ball 1-2: Ground out U3 (Groundball, 3, EV 93.8 MPH)
|
Batting: LHB Glen Franklin
|
0-0: Ground out 2-3 (Groundball, 15S, EV 72.5 MPH)
|
Bottom of the 6th over - 0 runs, 0 hits, 0 errors, 0 left on base; Eugene 1 - San Jose 1 |
TOP OF THE 7TH |
Eugene Emeralds batting - Pitching for San Jose Missions : RHP Larry Aubel
|
Batting: LHB Terry Lee
|
0-0: Called Strike 0-1: Fly out, F3 (Line Drive, 3, EV 60.6 MPH)
|
Batting: LHB Richard Rickman
|
0-0: Ball 1-0: Fly out, F8 (Flyball, 8LD, EV 93.8 MPH)
|
Batting: LHB James Peters
|
0-0: Ball 1-0: Swinging Strike 1-1: Called Strike 1-2: DOUBLE (Line Drive, 5D, EV 95.6 MPH)
|
Batting: LHB Ty Gainey
|
0-0: Intentional Walk
|
Batting: RHB Tim Wallach
|
0-0: Ball 1-0: Ball 2-0: Fielders Choice at 2nd, 6-4 (Groundball, 6, EV 103.1 MPH)
|
Top of the 7th over - 0 runs, 1 hit, 0 errors, 2 left on base; Eugene 1 - San Jose 1 |
BOTTOM OF THE 7TH |
San Jose Missions batting - Pitching for Eugene Emeralds : RHP Jim Kern
|
Batting: LHB Marvell Wynne
|
0-0: Ground out 4-3 (Groundball, 4, EV 107.5 MPH)
|
Batting: RHB John Rabb
|
0-0: Called Strike 0-1: Foul Ball, location: 2F 0-2: Ball 1-2: Ball 2-2: Ball 3-2: Foul Ball, location: 2F 3-2: Strikes out looking
|
Batting: SHB David Piller
|
0-0: Called Strike 0-1: Called Strike 0-2: Strikes out swinging
|
Bottom of the 7th over - 0 runs, 0 hits, 0 errors, 0 left on base; Eugene 1 - San Jose 1 |
TOP OF THE 8TH |
Eugene Emeralds batting - Pitching for San Jose Missions : RHP Larry Aubel
|
Batting: LHB Randy Bush
|
0-0: Called Strike 0-1: Foul Ball, location: 2F 0-2: Foul Ball, location: 2F 0-2: Strikes out looking
|
Batting: RHB Derrell Baker
|
0-0: Fly out, F7 (Flyball, 7LS, EV 86.3 MPH)
|
Batting: LHB Alfredo Edmead
|
0-0: Foul Ball, location: 2F 0-1: Ball 1-1: Swinging Strike 1-2: Ground out 5-3 (Groundball, 56S, EV 91.3 MPH)
|
Top of the 8th over - 0 runs, 0 hits, 0 errors, 0 left on base; Eugene 1 - San Jose 1 |
BOTTOM OF THE 8TH |
San Jose Missions batting - Pitching for Eugene Emeralds : RHP Jim Kern
|
Batting: RHB Paul Runge
|
0-0: Foul Ball, location: 2F 0-1: Swinging Strike 0-2: Ball 1-2: Ball 2-2: Ball 3-2: Foul Ball, location: 2F 3-2: Base on Balls
|
Batting: LHB Steven Michael
|
0-0: Foul Ball, location: 2F 0-1: Swinging Strike 0-2: Ball Paul Runge is caught stealing 2nd base 2-6 1-2: Foul Ball, location: 2F 1-2: Fly out, F7 (Flyball, 7, EV 82.5 MPH)
|
Batting: RHB Pablo Cardiel
|
0-0: Ground out 5-3 (Groundball, 56S, EV 84.4 MPH)
|
Bottom of the 8th over - 0 runs, 0 hits, 0 errors, 0 left on base; Eugene 1 - San Jose 1 |
TOP OF THE 9TH |
Eugene Emeralds batting - Pitching for San Jose Missions : RHP Larry Aubel
|
Pitching: LHP Thomas Biko
|
|
Batting: LHB Clay Hill
|
0-0: Swinging Strike 0-1: Foul Ball, location: 2F 0-2: Ball 1-2: Ball 2-2: Ground out 4-3 (Groundball, 4, EV 80.0 MPH)
|
Batting: LHB Terry Lee
|
0-0: Called Strike 0-1: Called Strike 0-2: Ball 1-2: Ball 2-2: Strikes out looking
|
Pinch Hitting: RHB Jesus Vega
|
0-0: Fly out, F8 (Flyball, 8LD, EV 97.5 MPH)
|
Top of the 9th over - 0 runs, 0 hits, 0 errors, 0 left on base; Eugene 1 - San Jose 1 |
BOTTOM OF THE 9TH |
San Jose Missions batting - Pitching for Eugene Emeralds : RHP Jim Kern
|
Now at SS: Bill Salazar
|
|
Batting: LHB Jesus Valerio
|
0-0: Fly out, F9 (Flyball, 9S, EV 92.5 MPH)
|
Batting: SHB Curt Bryan
|
0-0: Ball 1-0: Ball 2-0: Ball 3-0: Called Strike 3-1: Base on Balls
|
Batting: LHB Glen Franklin
|
0-0: Called Strike 0-1: Ball 1-1: Bunt missed! 1-2: SINGLE (Groundball, 4M, EV 108.1 MPH) (infield hit) Curt Bryan to second
|
Batting: LHB Marvell Wynne
|
0-0: Foul Ball, location: 2F 0-1: Ball 1-1: Fielders Choice at 2nd, 6-4 (Groundball, 6, EV 86.9 MPH) Curt Bryan to third
|
Batting: RHB John Rabb
|
0-0: Ball 1-0: Ball 2-0: Swinging Strike 2-1: Fly out, F8 (Line Drive, 8LM, EV 94.4 MPH)
|
Bottom of the 9th over - 0 runs, 1 hit, 0 errors, 2 left on base; Eugene 1 - San Jose 1 |
TOP OF THE 10TH |
Eugene Emeralds batting - Pitching for San Jose Missions : LHP Thomas Biko
|
Batting: LHB James Peters
|
0-0: Ball 1-0: Ball 2-0: Called Strike 2-1: Foul Ball, location: 2F 2-2: Foul Ball, location: 2F 2-2: Ball 3-2: Base on Balls
|
Batting: LHB Ty Gainey
|
0-0: Called Strike 0-1: Foul Ball, location: 2F 0-2: Ball 1-2: Fielders Choice at 2nd, 3-6 (Groundball, 34, EV 103.8 MPH)
|
Batting: RHB Tim Wallach
|
0-0: Swinging Strike 0-1: Ball 1-1: Ball 2-1: Ball 3-1: Foul Ball, location: 2F 3-2: Strikes out swinging
|
Batting: LHB Randy Bush
|
0-0: Called Strike 0-1: Ground out U3 (Groundball, 34, EV 79.4 MPH)
|
Top of the 10th over - 0 runs, 0 hits, 0 errors, 1 left on base; Eugene 1 - San Jose 1 |
BOTTOM OF THE 10TH |
San Jose Missions batting - Pitching for Eugene Emeralds : RHP Jim Kern
|
Batting: SHB David Piller
|
0-0: Ball 1-0: Foul Ball, location: 2F 1-1: Fly out, F9 (Line Drive, 9D, EV 100.0 MPH)
|
Batting: RHB Paul Runge
|
0-0: Ball 1-0: Ball 2-0: Foul Ball, location: 2F 2-1: Foul Ball, location: 2F 2-2: Fly out, F8 (Flyball, 78XD, EV 110.0 MPH)
|
Batting: LHB Steven Michael
|
0-0: Swinging Strike 0-1: Swinging Strike 0-2: Ball 1-2: Ball 2-2: Ball 3-2: Base on Balls
|
Batting: LHB Rich Gedman
|
0-0: SINGLE (Line Drive, 89M, EV 100.0 MPH) Steven Michael to second
|
Batting: LHB Jesus Valerio
|
0-0: Ball 1-0: Foul Ball, location: 2F 1-1: Ball 2-1: Fly out, F9 (Flyball, 89M, EV 93.8 MPH)
|
Bottom of the 10th over - 0 runs, 1 hit, 0 errors, 2 left on base; Eugene 1 - San Jose 1 |
TOP OF THE 11TH |
Eugene Emeralds batting - Pitching for San Jose Missions : LHP Thomas Biko
|
Batting: RHB Derrell Baker
|
0-0: Foul Ball, location: 2F 0-1: SINGLE (Line Drive, 9S, EV 112.5 MPH)
|
Batting: LHB Alfredo Edmead
|
0-0: Called Strike 0-1: Ball 1-1: Foul Ball, location: 2F 1-2: Ball 2-2: Ball 3-2: Foul Ball, location: 2F 3-2: Fielders Choice at 2nd, 4-6 (Groundball, 4MD, EV 106.3 MPH)
|
Batting: LHB Clay Hill
|
0-0: Ball Pickoff Throw to First - Out! 1-3 1-0: Ground out 1-3 (Groundball, 34S, EV 66.3 MPH)
|
Top of the 11th over - 0 runs, 1 hit, 0 errors, 0 left on base; Eugene 1 - San Jose 1 |
BOTTOM OF THE 11TH |
San Jose Missions batting - Pitching for Eugene Emeralds : RHP Jim Kern
|
Pitching: RHP George Frazier
|
|
Batting: SHB Curt Bryan
|
0-0: Called Strike 0-1: Ball 1-1: Foul Ball, location: 2F 1-2: Ball 2-2: Strikes out swinging
|
Batting: LHB Glen Franklin
|
0-0: Foul Ball, location: 2F 0-1: Fly out, F9 (Flyball, 9S, EV 82.5 MPH)
|
Batting: LHB Marvell Wynne
|
0-0: Called Strike 0-1: Ball 1-1: Ground out 6-3 (Groundball, 6, EV 76.3 MPH)
|
Bottom of the 11th over - 0 runs, 0 hits, 0 errors, 0 left on base; Eugene 1 - San Jose 1 |
TOP OF THE 12TH |
Eugene Emeralds batting - Pitching for San Jose Missions : LHP Thomas Biko
|
Batting: LHB Terry Lee
|
0-0: Ball 1-0: Ball 2-0: Swinging Strike 2-1: Ball 3-1: Base on Balls
|
Batting: RHB Bill Salazar
|
0-0: Ball 1-0: Bunt missed! 1-1: Bunt missed! 1-2: Ground out 5-3 (Groundball, 56S, EV 67.5 MPH) Terry Lee to second
|
Batting: LHB James Peters
|
0-0: Called Strike 0-1: Foul Ball, location: 2F 0-2: Foul Ball, location: 2F 0-2: Ball 1-2: Ball 2-2: Fly out, F9 (Line Drive, 9, EV 93.1 MPH)
|
Batting: LHB Ty Gainey
|
0-0: Ball 1-0: Fly out, F7 (Flyball, 78M, EV 76.9 MPH)
|
Top of the 12th over - 0 runs, 0 hits, 0 errors, 1 left on base; Eugene 1 - San Jose 1 |
BOTTOM OF THE 12TH |
San Jose Missions batting - Pitching for Eugene Emeralds : RHP George Frazier
|
Batting: RHB John Rabb
|
0-0: Swinging Strike 0-1: Ball 1-1: Ball 2-1: Ball 3-1: Base on Balls
|
Batting: SHB David Piller
|
0-0: Ball 1-0: Foul Ball, location: 2F 1-1: Called Strike 1-2: Fly out, F7 (Flyball, 7S, EV 86.9 MPH)
|
Batting: RHB Paul Runge
|
0-0: Ball 1-0: Called Strike John Rabb is caught stealing 2nd base 2-4 1-1: Foul Ball, location: 2F 1-2: Fly out, F9 (Line Drive, 9D, EV 86.9 MPH)
|
Bottom of the 12th over - 0 runs, 0 hits, 0 errors, 0 left on base; Eugene 1 - San Jose 1 |
TOP OF THE 13TH |
Eugene Emeralds batting - Pitching for San Jose Missions : LHP Thomas Biko
|
Batting: RHB Tim Wallach
|
0-0: Called Strike 0-1: SINGLE (Line Drive, 9S, EV 104.4 MPH)
|
Batting: LHB Randy Bush
|
0-0: Ball 1-0: Foul Ball, location: 2F 1-1: Called Strike 1-2: Strikes out looking
|
Pitching: RHP Oscar Acosta
|
|
Batting: RHB Derrell Baker
|
0-0: Fly out, F7 (Flyball, 7, EV 86.9 MPH)
|
Batting: LHB Alfredo Edmead
|
0-0: Called Strike 0-1: Swinging Strike 0-2: Ball 1-2: Foul Ball, location: 2F 1-2: Strikes out swinging
|
Top of the 13th over - 0 runs, 1 hit, 0 errors, 1 left on base; Eugene 1 - San Jose 1 |
BOTTOM OF THE 13TH |
San Jose Missions batting - Pitching for Eugene Emeralds : RHP George Frazier
|
Batting: LHB Steven Michael
|
0-0: Ball 1-0: Ball 2-0: Ball 3-0: Called Strike 3-1: Base on Balls
|
Batting: LHB Rich Gedman
|
0-0: Ball 1-0: Ball 2-0: Fly out, F6 (Line Drive, 6, EV 63.1 MPH)
|
Batting: LHB Jesus Valerio
|
0-0: Ball 1-0: Fly out, F7 (Flyball, 78M, EV 78.8 MPH)
|
Batting: SHB Curt Bryan
|
0-0: Called Strike Steven Michael steals 2nd base (no throw) 0-1: Called Strike 0-2: Ball Passed Ball! Steven Michael to third 1-2: Ball 2-2: Ball 3-2: Base on Balls
|
Batting: LHB Glen Franklin
|
0-0: Ground out 4-3 (Groundball, 4, EV 103.1 MPH)
|
Bottom of the 13th over - 0 runs, 0 hits, 0 errors, 2 left on base; Eugene 1 - San Jose 1 |
TOP OF THE 14TH |
Eugene Emeralds batting - Pitching for San Jose Missions : RHP Oscar Acosta
|
Batting: LHB Clay Hill
|
0-0: Swinging Strike 0-1: Ball 1-1: Foul Ball, location: 2F 1-2: Strikes out swinging
|
Batting: LHB Terry Lee
|
0-0: Ball 1-0: Foul Ball, location: 2F 1-1: Foul Ball, location: 2F 1-2: Foul Ball, location: 2F 1-2: Foul Ball, location: 2F 1-2: Foul Ball, location: 2F 1-2: Fly out, F9 (Line Drive, 9, EV 85.0 MPH)
|
Batting: RHB Bill Salazar
|
0-0: Ball 1-0: Reached on error, E5 (Groundball, 56S, EV 73.1 MPH)
|
Batting: LHB James Peters
|
0-0: Ball 1-0: Foul Ball, location: 2F 1-1: Foul Ball, location: 2F 1-2: Strikes out looking
|
Top of the 14th over - 0 runs, 0 hits, 1 error, 1 left on base; Eugene 1 - San Jose 1 |
BOTTOM OF THE 14TH |
San Jose Missions batting - Pitching for Eugene Emeralds : RHP George Frazier
|
Batting: LHB Marvell Wynne
|
0-0: Ball 1-0: Called Strike 1-1: Ball 2-1: Ground out 6-3 (Groundball, 6S, EV 87.5 MPH)
|
Batting: RHB John Rabb
|
0-0: Called Strike 0-1: Called Strike 0-2: Ball 1-2: Ball 2-2: SINGLE (Flyball, 34D, EV 86.3 MPH)
|
Batting: SHB David Piller
|
0-0: Called Strike 0-1: Ball 1-1: SINGLE (Flyball, 6D, EV 83.8 MPH) John Rabb to second
|
Batting: RHB Paul Runge
|
0-0: Called Strike 0-1: Ball John Rabb steals 3rd base David Piller to second 1-1: Swinging Strike 1-2: Ground out 6-3 (Groundball, 6MS, EV 63.8 MPH)
|
Batting: LHB Steven Michael
|
0-0: Ball 1-0: Foul Ball, location: 2F 1-1: SINGLE (Groundball, 6D, EV 97.5 MPH) John Rabb scores
|
Bottom of the 14th over - 1 run, 3 hits, 0 errors, 0 left on base; Eugene 1 - San Jose 2 |
|